 Dungeon Crawl Stone Soup version 0.28-a0-312-gbced6e68ee (webtiles) character file.

Game seed: 14293151776941883063

130 Dirtsage the Insei (level 5, 0/35 HPs)
             Began as an Octopode Transmuter on Aug 30, 2021.
             Slain by a scorpion (3 damage)
             ... on level 3 of the Dungeon.
             The game lasted 00:10:46 (3593 turns).

Dirtsage the Insei (Octopode Transmuter)            Turns: 3593, Time: 00:10:47

Health: 0/35       AC:  1    Str: 11    XL:     5   Next: 14%
Magic:  6/7        EV: 13    Int: 15    God:
Gold:   112        SH:  0    Dex: 12    Spells: 1/8 levels left

rFire   . . .      SeeInvis .     - Unarmed
rCold   . . .      Faith    .   (no shield)
rNeg    . . .      Spirit   .   (helmet restricted)
rPois   .          Reflect  .   (no amulet)
rElec   .          Harm     .   (no ring)
rCorr   .          Rampage  .   (no ring)
Will    .....                   (no ring)
Stlth   ++........              (no ring)
HPRegen 0.11/turn               (no ring)
MPRegen 0.10/turn               (no ring)
                                (no ring)
                                (no ring)

@: wereblooded
A: almost no armour, amphibious, 8 rings, camouflage 1, gelatinous body 1,
(nimble swimmer 1), tentacles, low mp 1
a: no special abilities


You were on level 3 of the Dungeon.
You visited 1 branch of the dungeon, and saw 4 of its levels.

You collected 132 gold pieces.
You spent 20 gold pieces at shops.


Innate Abilities, Weirdness & Mutations

You cannot wear most types of armour.
You are amphibious.
You can wear up to eight rings at the same time.
Your skin changes colour to match your surroundings (Stealth+).
Your rubbery body absorbs attacks. (AC +1, EV +1)
((You are camouflaged near water. (Stealth+)))
You have tentacles for arms and can constrict up to eight enemies at once.
Your magical capacity is low. (-10% MP)


   Skills:
 + Level 2.4 Fighting
 - Level 2.0 Dodging
 * Level 4.5 Unarmed Combat
 - Level 2.0 Spellcasting
 + Level 2.8 Transmutations
 + Level 0.7 Ice Magic


You had one spell level left.
You knew the following spells:

 Your Spells              Type           Power      Damage    Failure   Level
b - Beastly Appendage     Tmut           18%        N/A       7%          1
c - Ice Form              Ice/Tmut       6%         N/A       71%         4
w - Wereblood             Tmut           9%         N/A       11%         2

Your spell library contained the following spells:

 Spells                   Type           Power      Damage    Failure   Level
 Spider Form              Tmut/Pois      2%         N/A       36%         3

Inventory:

Missiles
 b - 29 stones
Armour
 e - a +0 hat
Wands
 j - a wand of digging (5)
Scrolls
 a - a scroll of identify {@r1}
 f - a scroll of noise
 g - 2 scrolls of enchant weapon {unknown}
 h - a scroll of acquirement {unknown}
Potions
 c - a potion of berserk rage {!q}
 d - a potion of ambrosia {unknown}
 i - a potion of degeneration {unknown}

Dungeon Overview and Level Annotations

Branches:
Dungeon (4/15)
 Temple: D:4-7

Altars:

Shops:
D:2 *   D:3 :

Annotations:
D:4 Menkaure

..............>....########
##....#####.##..#.........#
.>....# ##.##..#..#####.##
##....## #...#..#..# #.#
#.....# #...#.)...#####.#
#.....###...#o#.....)...#
#####..###'##.....#######
##.###'####s###
#.......##@# #..........#
#####.......########
#...........'......#
#...........######.#
#..........## #.#
#......##.## #.#
#......##.# #.# #......##.#
#.#####


You could see a scorpion and an orc.


Message History

The orc shouts! x2
The orc closely misses you. x2
The orc shouts!
Found a leather armour and 9 gold pieces.
There is a stone staircase leading up here.
Casting: Beastly Appendage (safe; 7% risk of failure)
Confirm with . or Enter, or press ? or * to list all spells.
Your blood is infused with primal strength.
The orc hits you but does no damage. The scorpion stings you!
You are poisoned.
The scorpion poisons you! The orc hits you with a +0 club.
You climb upwards.
You feel very sick.
There is a stone staircase leading down here.
You feel sick. The orc hits you with a +0 club.
* * * LOW HITPOINT WARNING * * *
You feel sick. The orc hits you with a +0 club.
* * * LOW HITPOINT WARNING * * *
The scorpion closely misses you.
You feel sick.
You feel sick.
You feel sick.
You feel sick.
You feel sick.
You see here a hobgoblin skeleton.
You feel sick.
You are no longer poisoned.
The scorpion stings you.
You die...

Skill      XL: |  1  2  3 |
---------------+----------+-----
Fighting       | 2 |  2.4
Unarmed Combat | 4 |  4.5
Dodging        | |  2.0
Spellcasting   | |  2.0
Transmutations | |  2.8
Ice Magic      | |  0.7

Action                   |  1- 3 |  4- 6 || total
-------------------------+-------+-------++-------
Melee: Unarmed           |    50 |    68 ||   118
       Constrict         |    12 |    18 ||    30
       Tentacles         |    10 |    16 ||    26
       Kick              |     4 |     2 ||     6
       Punch             |     1 |     1 ||     2
 Cast: Beastly Appendage |     3 |     2 ||     5
       Wereblood         |       |     2 ||     2
  Use: Potion            |     2 |     1 ||     3
       Scroll            |       |     3 ||     3
 Stab: Sleeping          |     3 |     7 ||    10
Armor: Skin              |     3 |    11 ||    14
Dodge: Dodged            |    18 |    47 ||    65

Levels and vault maps discovered:
D:1:      dpeg_arrival_prison, layout_basic
D:2:      minmay_spotlight, layout_loops_corners, serial_shops, shop,
          uniq_terence
D:3:      layout_basic, serial_shops, nicolae_shop_waterfront
D:4:      layout_rooms, gammafunk_ghost_smash, nicolae_elemental_shop,
          solitary_fountain, uniq_menkaure

Notes
Turn   | Place    | Note
-------+----------+-------------------------------------------
     0 | D:1      | Dirtsage the Octopode Transmuter began the quest for the
                  | Orb.
     0 | D:1      | Reached XP level 1. HP: 13/13 MP: 3/3
   396 | D:1      | You fall into a shaft and drop 1 floor!
   406 | D:2      | Reached XP level 2. HP: 9/18 MP: 5/5
   409 | D:2      | Learned a level 2 spell: Wereblood
   684 | D:2      | Found Josoecwi's General Store.
   695 | D:2      | Bought a scroll of identify for 20 gold pieces
   788 | D:2      | Reached XP level 3. HP: 18/24 MP: 4/6
  1135 | D:2      | Noticed Terence
  1265 | D:2      | HP: 1/24 [Terence (7)]
  1296 | D:2      | Killed Terence
  1297 | D:2      | Reached skill level 2 in Fighting
  1297 | D:2      | Reached skill level 4 in Unarmed Combat
  1297 | D:2      | Reached XP level 4. HP: 12/29 MP: 7/7
  2691 | D:2      | Learned a level 4 spell: Ice Form
  2733 | D:2      | Gained mutation: Your magical capacity is low. (-10% MP)
                  | [potion of mutation]
  2965 | D:3      | Found Nuebiul's Book Emporium.
  2989 | D:3      | Reached XP level 5. HP: 24/35 MP: 4/7
  3514 | D:4      | Noticed Menkaure
  3593 | D:3      | HP: 3/35 [poisoned by a scorpion]
  3593 | D:3      | Slain by a scorpion

Vanquished Creatures
  Terence (D:2)
  4 gnolls (D:3)
  An adder (D:2)
  A worm (D:2)
  3 dart slugs
  An orc (D:3)
  10 endoplasms
  2 goblins
  5 hobgoblins
  3 kobolds
  5 ball pythons
  8 bats
  3 frilled lizards (D:1)
  5 rats
52 creatures vanquished.

Table legend: (Time is in decaauts)
 A = Elapsed time spent in this place.
 B = Non-inter-level travel time spent in this place.
 C = Inter-level travel time spent in this place.
 D = Time resting spent in this place.
 E = Time spent auto-exploring this place.
 F = Levels seen in this place.
 G = Mean time per level.
                   A        B        C        D        E       F      G
               +--------+--------+--------+--------+--------+-----+--------+
         Total |   3586 |   3424 |    162 |      0 |   2879 |   4 |  896.5 |
       Dungeon |   3586 |   3424 |    162 |      0 |   2879 |   4 |  896.5 |
               +--------+--------+--------+--------+--------+-----+--------+

Top non-repeatable levels by time:
     D:2: 1753 daAuts
     D:1: 1187 daAuts
     D:3: 628 daAuts
     D:4: 17 daAuts

Table legend:
 A = Non-vault XP
 B = Vault XP
 C = Vault XP percentage of total XP
 D = Non-vault monster count
 E = Vault monster count
 F = Vault count percentage of total count
                 A         B        C        D         E       F
            +---------+---------+-------+---------+---------+-------
      Total |     142 |      45 |  24.1 |      47 |       5 |   9.6
            +---------+---------+-------+---------+---------+-------
        D:1 |      37 |       0 |   0.0 |      22 |       0 |   0.0
        D:2 |      37 |      45 |  54.9 |      13 |       5 |  27.8
        D:3 |      68 |       0 |   0.0 |      12 |       0 |   0.0
            +---------+---------+-------+---------+---------+-------
